 Dungeon Crawl Stone Soup version 0.26.1-11-gd32895ea62 (webtiles) character file.

Game seed: 4575770756298781331

182 Descartes the Thaumaturge (level 5, -6/28 HPs)
             Began as a Deep Elf Wanderer on July 13, 2021.
             Was an Initiate of Gozag.
             Killed from afar by an orc wizard (8 damage)
             ... with a magic dart
             ... on level 4 of the Dungeon.
             The game lasted 00:12:37 (3647 turns).

Descartes the Thaumaturge (Deep Elf Wanderer)       Turns: 3647, Time: 00:12:38

Health: -6/28      AC:  6    Str: 10    XL:     5   Next: 34%
Magic:  17/17      EV: 13    Int: 16    God:    Gozag
Gold:   64         SH:  0    Dex: 21    Spells: 16/20 levels left

rFire    . . .     SeeInvis .   b - -2 hunting sling (curse)
rCold    . . .     Faith    .   (no shield)
rNeg     . . .     Spirit   .   r - +0 leather armour
rPois    .         Reflect  .   j - +0 helmet
rElec    .         Harm     .   (no cloak)
rCorr    .         Rampage  .   m - +1 pair of gloves (curse)
Will     +....                  (no boots)
Stlth    +++.......             (no amulet)
HPRegen  0.09/turn              i - +6 ring of dexterity
MPRegen  0.15/turn              v - ring of willpower

@: gold aura
A: no striking features
a: Renounce Religion, Potion Petition, Call Merchant, Bribe Branch


You were on level 4 of the Dungeon.
You worshipped Gozag.
Gozag was noncommittal.
You visited 1 branch of the dungeon, and saw 4 of its levels.

You collected 112 gold pieces.
You paid 48 gold pieces to Gozag.

Inventory:

Hand Weapons
 a - a +2 dagger
 b - a cursed -2 hunting sling (weapon)
Missiles
 c - 42 stones
 g - 17 poisoned darts
 h - 28 sling bullets (quivered ammo)
 o - 22 arrows
 q - 12 bolts
Armour
 d - a +0 robe
 j - a +0 helmet (worn)
 m - a cursed +1 pair of gloves (worn)
 r - a +0 leather armour (worn)
 w - a +0 buckler
Jewellery
 i - a +6 ring of dexterity (left hand)
 v - a ring of willpower (right hand)
Scrolls
 e - a scroll of enchant weapon {unknown}
 k - 2 scrolls of identify
 s - a scroll of random uselessness {unknown}
 t - 2 scrolls of noise
 x - a scroll of teleportation
Potions
 f - 2 potions of curing
 l - a potion of lignification {unknown}
 n - a potion of resistance
 p - a potion of haste {unknown}
 u - a potion of attraction


   Skills:
 + Level 2.8 Dodging
 + Level 4.2 Stealth
 + Level 0.3 Shields
 - Level 8.0 Spellcasting
 + Level 4.3 Earth Magic


You had 16 spell levels left.
You knew the following spells:

 Your Spells              Type           Power        Failure   Level
a - Sandblast             Erth           40%          2%          1
b - Stone Arrow           Conj/Erth      26%          19%         3

Your spell library contained the following spells:

 Spells                   Type           Power        Failure   Level


Dungeon Overview and Level Annotations

Branches:
Dungeon (4/15)
 Temple: D:4-7

Altars:
Ashenzari
Gozag
Trog
Uskayaw

Shops:
D:4 *

Annotations:
D:3 2 transporters, RawMediocrity's ghost, amateur OpTm


Message History

The orc wizard flickers and vanishes!
Deactivating autopickup; reactivate with Ctrl-A.
The orc wizard gestures wildly while chanting.
The orc wizard blinks!
There is an opulent altar of Gozag here.
A magic dart appears from out of thin air!
The magic dart hits you.
The orc wizard gestures wildly while chanting.
The orc wizard blinks!
A puff of flame appears from out of thin air!
The puff of flame hits you!
* * * LOW HITPOINT WARNING * * *
A centaur skeleton comes into view.
The centaur skeleton moves out of view.
The orc is engulfed in a cloud of scalding steam.
Something tries to affect you, but you resist.
The orc wizard points at you and mumbles some strange words.
The magic dart hits you!
You die...
Your body crumbles into a pile of gold.

### #.. #.# #.# ###
#.# ..# #####.# #.#
.######..##.#####.#
....#.....#.o..@#.####
#........###...<...# .
#..≈≈.≈≈...Z....##.#
..##(≈...≈.###....#
...((≈._.≈..##....#
....≈≈...≈≈..##.###
$..o§.....≈#.####
.#l§≈.§.⌠.≈#.#
#.o{§§.∩..≈#.#


You could see an orc wizard (fast) and a centaur skeleton (wandering).

Vanquished Creatures
  An iguana (D:4)
  7 adders
  An ooze (D:3)
  A worm (D:2)
  5 dart slugs
  3 leopard geckos
  An orc (D:3)
  7 bats
  2 giant cockroaches (D:1)
  7 goblins
  11 hobgoblins
  3 jackals (D:2)
  6 kobolds
  2 quokkas
  A ball python (D:2)
  3 frilled lizards
  5 rats
66 creatures vanquished.

Vanquished Creatures (others)
  An orc (D:4)
  A frilled lizard (D:4)
2 creatures vanquished.

Grand Total: 68 creatures vanquished

Notes
Turn   | Place    | Note
-------+----------+-------------------------------------------
     0 | D:1      | Descartes the Deep Elf Wanderer began the quest for the
                  | Orb.
     0 | D:1      | Descartes set off with the following items: a +2 dagger, a
                  | scroll of fear, a +0 robe; and the following spell
                  | memorised: Sandblast; and the following spells available to
                  | memorise: Stone Arrow
     0 | D:1      | Reached XP level 1. HP: 10/10 MP: 10/10
   218 | D:1      | Reached XP level 2. HP: 5/15 MP: 12/12
   532 | D:1      | Reached skill level 1 in Dodging
   993 | D:2      | Reached XP level 3. HP: 19/19 MP: 14/14
  1340 | D:2      | Found a broken altar of Ashenzari.
  1362 | D:2      | Reached XP level 4. HP: 24/24 MP: 13/15
  1601 | D:2      | Found a bloodstained altar of Trog.
  1897 | D:1      | Learned a level 3 spell: Stone Arrow
  2459 | D:3      | Found a transporter.
  2476 | D:3      | Noticed RawMediocrity's ghost (amateur OpTm)
  2774 | D:3      | Found a hide-covered altar of Uskayaw.
  2898 | D:3      | Reached XP level 5. HP: 28/28 MP: 17/17
  3086 | D:3      | Reached skill level 8 in Spellcasting
  3270 | D:3      | Found a transporter.
  3608 | D:4      | Found an opulent altar of Gozag.
  3610 | D:4      | Found Gozag's Platinum Reserve.
  3629 | D:4      | Became a worshipper of Gozag Ym Sagoz the Greedy
  3647 | D:4      | Killed from afar by an orc wizard

Illustrated notes

Levels and vault maps discovered:
D:1:      mrwooster_arrival_statue_3, layout_rooms, minmay_misc_feat_enclosed
D:2:      layout_rooms, lemuel_crystal_altar, ashenzari_conservatory_becter,
          st_stairs_5
D:3:      layout_basic, overflow_temple_1_default, gammafunk_ghost_mausoleum,
          serial_bayou_pond_d
D:4:      layout_basic, kennysheep_mini, nicolae_gozag_zags_fifth_avenue,
          minmay_temple_entry_ruins, minmay_mini_ossuary, uniq_duvessa

Skill      XL: |  1  2  3  4  5 |
---------------+----------------+-----
Dodging        | 1 2 |  2.8
Stealth        | 3 4 |  4.2
Earth Magic    | 4 |  4.3
Spellcasting   | 8 |  8.0
Shields        | |  0.3

Action                   |  1- 3 |  4- 6 || total
-------------------------+-------+-------++-------
Melee: Dagger            |     8 |       ||     8
       Hunting sling     |       |   135 ||   135
 Fire: Hunting sling     |     8 |    84 ||    92
 Cast: Sandblast         |    51 |    10 ||    61
       Stone Arrow       |       |     6 ||     6
  Use: Scroll            |     5 |     1 ||     6
       Potion            |       |     2 ||     2
Armor: Robe              |     6 |    68 ||    74
       Leather armour    |       |     6 ||     6
Dodge: Dodged            |    15 |   149 ||   164
